 Dungeon Crawl Stone Soup version 0.21.1-1-g345015f (webtiles) character file.

467 eccles the Chopper (level 6, 0/56 HPs)
             Began as a Minotaur Berserker on June 6, 2018.
             Was a Priest of Trog.
             Succumbed to an orc priest's poison
             ... on level 4 of the Dungeon.
             The game lasted 00:13:43 (2091 turns).

eccles the Chopper (Minotaur Berserker)             Turns: 2091, Time: 00:13:44

Health: 0/56       AC: 10    Str: 22    XL:     6   Next: 81%
Magic:  5/5        EV: 12    Int:  4    God:    Trog [***...]
Gold:   151        SH:  0    Dex: 11    Spells: 5/5 levels left

rFire    . . .     SeeInvis .   p - +1 war axe
rCold    . . .     Gourm    .   (no shield)
rNeg     . . .     Faith    .   k - +1 ring mail
rPois    .         Spirit   .   (helmet restricted)
rElec    .         Reflect  .   (no cloak)
rCorr    .         Harm     .   (no gloves)
MR       .....                  o - +0 pair of boots
Stlth    +.........             (no amulet)
HPRegen  0.18/turn              m - +4 ring of slaying
MPRegen  0.09/turn              n - +3 ring of protection

@: lethally poisoned (0 -> -3), berserk cooldown, very slightly contaminated,
slowed, very slow
A: retaliatory headbutt, horns 2
a: Berserk, Trog's Hand, Burn Spellbooks, Renounce Religion


You were on level 4 of the Dungeon.
You worshipped Trog.
Trog was most pleased with you.
You were not hungry.

You visited 1 branch of the dungeon, and saw 4 of its levels.

You collected 151 gold pieces.

Inventory:

Hand Weapons
 a - a +0 hand axe
 i - a +0 mace
 p - a +1 war axe (weapon)
Armour
 b - a +0 animal skin
 k - a +1 ring mail (worn)
 o - a +0 pair of boots (worn)
Jewellery
 m - a +4 ring of slaying (left hand)
 n - a +3 ring of protection (right hand)
Scrolls
 e - 3 scrolls of magic mapping
 f - 3 scrolls of teleportation
 h - a scroll of enchant armour
 l - 3 scrolls of identify
 q - a scroll of remove curse
Potions
 j - a potion of agility
Comestibles
 c - 7 rations
 d - 5 chunks of flesh


   Skills:
 * Level 5.6 Fighting
 * Level 7.4 Axes
 + Level 3.6 Armour
 + Level 2.9 Dodging
 + Level 0.3 Stealth


You had 5 spell levels left.
You didn't know any spells.

Dungeon Overview and Level Annotations

Branches:
Dungeon (4/15)
 Temple: D:4-7

Altars:
Trog
Wu Jian
The Shining One


Innate Abilities, Weirdness & Mutations

You reflexively headbutt those who attack you in melee.
You have a pair of horns on your head.


Message History

a halberd; a ring mail; a gnoll corpse
* * * LOW HITPOINT WARNING * * *
You feel sick.
You see here a flail.
* * * LOW HITPOINT WARNING * * *
You feel sick.
Things that are here:
a dagger of venom; a chain mail; an orc corpse
* * * LOW HITPOINT WARNING * * *
You feel sick.
You see here a short sword.
* * * LOW HITPOINT WARNING * * *
You feel sick.
An orc comes into view. It is wielding a club.
The orc shouts!
Blink to where?
Press: ? - help, Dir - move target cursor You are very lightly contaminated with residual magic.
As you read the scroll of blinking, it crumbles to dust.
You die...

#.# #.......#
#÷###
#.......
#...# #...o#
###.# #..§.#
#.# #.#..#
#.# #.#).##
#.# #.)†..#
#.######)†#.#
#....))@)...#
########..#.#
....#..
#...###...
#..#. ###
...##. #...
## .⌠..


You could see an orc.

Vanquished Creatures
  The ghost of Iko the Skirmisher, an amateur DsBe of Trog (D:3)
  2 scorpions (D:4)
  An orc priest (D:4)
  A hound (D:4)
  Natasha (twice) (D:3)
  A hound skeleton (D:4)
  4 gnolls (D:4)
  6 adders
  4 dart slugs
  A leopard gecko (D:3)
  9 orcs
  2 giant cockroaches
  2 goblins
  9 hobgoblins
  4 jackals (D:3)
  4 kobolds
  2 ball pythons (D:3)
  3 bats
  6 frilled lizards
  7 rats
71 creatures vanquished.

Notes
Turn   | Place    | Note
-------+----------+-------------------------------------------
     0 | D:1      | eccles the Minotaur Berserker began the quest for the Orb.
     0 | D:1      | Reached XP level 1. HP: 19/19 MP: 0/0
   354 | D:1      | Reached XP level 2. HP: 22/27 MP: 1/1
   563 | D:1      | Reached skill level 4 in Axes
  1036 | D:2      | Found a bloodstained altar of Trog.
  1055 | D:2      | Reached XP level 3. HP: 26/34 MP: 2/2
  1287 | D:2      | Found a glowing golden altar of the Shining One.
  1287 | D:2      | Found an ornate altar of the Wu Jian Council.
  1408 | D:2      | Reached ** piety under Trog
  1451 | D:2      | Reached XP level 4. HP: 37/41 MP: 3/3
  1510 | D:3      | Noticed Iko's ghost (amateur DsBe)
  1515 | D:3      | Killed Iko's ghost
  1515 | D:3      | Reached skill level 5 in Axes
  1515 | D:3      | Reached XP level 5. HP: 38/47 MP: 4/4
  1578 | D:3      | Noticed Natasha
  1581 | D:3      | Killed Natasha
  1581 | D:3      | Reached skill level 6 in Axes
  1861 | D:3      | Noticed Natasha
  1869 | D:3      | Killed Natasha
  2039 | D:4      | Reached XP level 6. HP: 54/55 MP: 5/5
  2056 | D:4      | Reached *** piety under Trog
  2068 | D:4      | Reached skill level 7 in Axes
  2075 | D:4      | Reached skill level 5 in Fighting
  2087 | D:4      | HP: 2/56 [poisoned by an orc priest]
  2091 | D:4      | Succumbed to an orc priest's poison

Skill      XL: |  1  2  3  4  5  6 |
---------------+-------------------+-----
Fighting       | 4 5 |  5.6
Axes           | 4 5 6 7 |  7.4
Armour         | 3 |  3.6
Dodging        | |  2.9
Stealth        | |  0.3

Action                   |  1- 3 |  4- 6 || total
-------------------------+-------+-------++-------
Melee: Hand axe          |    47 |       ||    47
       Headbutt          |    10 |    16 ||    26
       War axe           |    11 |    60 ||    71
Invok: Burn Spellbooks   |     1 |       ||     1
       Berserk           |       |     1 ||     1
  Use: Scroll            |     8 |     3 ||    11
       Potion            |     3 |     1 ||     4
  Eat: Chunk             |     2 |     2 ||     4
Armor: Animal skin       |     1 |       ||     1
       Ring mail         |    16 |    15 ||    31
Dodge: Dodged            |    36 |    33 ||    69
